Map: Crête de Lerilak

Players

steve - Winner!

  • Race: Zerg Zerg
  • League: Platinum

Worming

  • Race: Zerg Zerg
  • League: Diamond

VOD

Have the link to the VOD?

Description

Time

  • Played on: Jan. 5, 2016, 12:53 p.m.
  • Length: 13:52
Show
View Real Time Build Order
Export as new Build Order

steve Zerg - Winner!

Build Orders: Hatch First, Lurkers 

Get SALT Encoding   

  12  0:02  Drone  
  13  0:12  Overlord  
  13  0:18  Drone  
  14  0:31  Drone x2  
  16  0:37  Drone  
  17  0:55  Drone, Hatchery  
  17  1:09  Spawning Pool  
  16  1:12  Extractor  
  16  1:14  Drone  
  16  1:16  Drone  
  17  1:23  Drone  
  18  1:31  Drone  
  19  1:50  Overlord  
  19  1:56  Queen  
  19  1:57  Zergling x2  
  22  2:10  Zergling x4  
  22  2:11  Queen  
  22  2:13  Metabolic Boost  
  26  2:16  Drone  
  26  2:21  Drone  
  28  2:25  Drone  
  29  2:32  Drone  
  29  2:33  Queen  
  32  2:39  Baneling Nest  
  32  2:41  Drone  
  32  2:51  Overlord  
  32  2:52  Drone  
  33  3:02  Drone x3  
  36  3:06  Overlord  
  35  3:13  Zergling x2  
  35  3:14  Zergling x4  
  38  3:23  Zergling x8  
  38  3:35  Zergling x4  
  40  3:46  Zergling x8  
  40  3:48  Baneling x4  
  43  3:54  Drone x2  
  34  4:20  Drone x3  
  34  4:22  Roach Warren  
  36  4:36  Zergling x12  
  41  4:42  Spine Crawler  
  40  4:49  Drone x2, Extractor  
  40  4:51  Drone  
  42  5:01  Lair  
  42  5:02  Drone x3  
  42  5:05  Drone x2, Overlord  
  47  5:10  Evolution Chamber  
  46  5:18  Drone x2  
  48  5:37  Roach x6  
  48  5:38  Hatchery  
  59  5:42  Extractor  
  59  5:48  Drone x2  
  60  5:51  Overlord x2  
  60  5:54  Zerg Missile Weapons Level 1, Roach  
  60  6:09  Ravager  
  60  6:10  Roach  
  60  6:11  Roach x5  
  71  6:18  Drone  
  71  6:20  Drone x2  
  71  6:21  Glial Reconstitution  
  74  6:30  Overlord  
  74  6:35  Overlord x2  
  74  6:38  Ravager  
  74  6:39  Overlord  
  73  6:47  Roach  
  73  6:48  Roach x2  
  73  6:50  Queen  
  80  6:56  Drone  
  80  6:57  Drone  
  82  7:01  Ravager  
  82  7:02  Ravager x2  
  82  7:07  Drone x2, Extractor  
  82  7:08  Drone  
  87  7:09  Drone x2, Overlord  
  87  7:10  Overlord  
  89  7:28  Drone x9, Evolution Chamber  
  97  7:31  Extractor  
  97  7:36  Roach x3  
  104  7:37  Roach  
  104  7:56  Zerg Missile Weapons Level 2  
  104  7:57  Zerg Ground Armor Level 1  
  104  8:00  Drone x6  
  104  8:03  Drone  
  104  8:04  Drone x3  
  114  8:07  Extractor  
  114  8:12  Hydralisk Den  
  111  8:22  Drone x3  
  111  8:25  Roach x7  
  128  8:40  Overlord x2  
  128  8:51  Roach x2  
  120  8:58  Roach x7  
  130  9:15  Roach x5  
  140  9:19  Overlord  
  140  9:30  Roach  
  140  9:31  Roach x2  
  144  9:33  Ravager  
  144  9:34  Ravager  
  146  9:52  Roach x4  
  154  9:56  Extractor  
  153  10:00  Lurker Den  
  153  10:04  Overlord x2  
  153  10:07  Overlord  
  153  10:08  Overlord x3  
  153  10:11  Zerg Ground Armor Level 2  
  154  10:17  Hatchery  
  153  10:22  Hydralisk x8  
  153  10:26  Overlord x2  
  162  10:48  Roach x4  
  162  10:49  Roach x6  
  162  10:57  Roach  
  162  10:58  Roach x2  
  165  11:14  Roach  
  165  11:15  Roach x7  
  171  11:20  Hatchery  
  170  11:30  Lurker x3  
  170  11:31  Lurker x3  
  176  11:46  Roach  
  176  11:47  Roach x10  
  198  11:54  Overseer  
  198  11:55  Overseer  
  198  11:57  Overseer x3  
  198  11:58  Infestation Pit  
  191  12:16  Roach  
  191  12:17  Roach x3  
  192  12:33  Roach x5  
  192  12:34  Roach x8  
  184  12:45  Roach  
  184  12:46  Roach x6  
  198  13:08  Overseer, Overlord x2  
  198  13:11  Ravager  
Show
View Real Time Build Order
Export as new Build Order

Worming Zerg 

Build Orders: Pool First, Zergling Baneling 

Get SALT Encoding   

  12  0:01  Drone  
  13  0:12  Overlord  
  13  0:22  Drone  
  14  0:30  Drone x2  
  14  0:34  Drone  
  17  0:46  Spawning Pool  
  17  0:48  Drone  
  17  0:54  Extractor  
  17  0:55  Drone  
  17  1:17  Hatchery  
  16  1:19  Drone  
  16  1:24  Drone  
  18  1:32  Overlord  
  18  1:43  Queen  
  18  1:46  Zergling x2  
  21  1:58  Zergling x2  
  21  2:00  Metabolic Boost  
  22  2:03  Drone  
  23  2:10  Drone  
  24  2:18  Queen  
  26  2:31  Drone  
  26  2:32  Drone  
  28  2:42  Baneling Nest  
  27  2:45  Zergling x4  
  27  2:46  Zergling x2  
  30  3:07  Zergling x10  
  35  3:17  Overlord  
  34  3:35  Baneling x4  
  34  3:46  Drone x8  
  39  3:52  Baneling  
  39  3:53  Baneling x3  
  39  3:54  Zergling x4  
  36  4:19  Drone x8  
  36  4:21  Overlord  
  36  4:22  Roach Warren  
  43  4:24  Spine Crawler  
  39  4:40  Overlord  
  39  4:45  Extractor  
  38  4:46  Drone x3, Overlord  
  38  4:47  Overlord  
  38  4:49  Overlord  
  41  5:03  Roach x6  
  53  5:22  Roach x5  
  63  5:37  Drone x4  
  67  5:44  Zergling x2  
  67  5:45  Evolution Chamber  
  67  5:46  Evolution Chamber  
  67  5:48  Drone, Hatchery  
  67  5:49  Lair  
  66  5:52  Queen, Extractor  
  67  5:58  Drone  
  68  6:26  Zerg Missile Weapons Level 1, Zerg Ground Armor Level 1  
  67  6:37  Drone x9  
  74  6:49  Glial Reconstitution  
  70  6:57  Extractor  
  70  6:58  Drone x3  
  72  7:02  Drone x6  
  72  7:05  Drone  
  79  7:18  Drone  
  79  7:19  Drone  
  81  7:29  Drone, Overlord x2  
  82  7:30  Spine Crawler  
  82  7:31  Roach x4  
  82  7:33  Overlord x2  
  89  7:41  Overlord x2  
  89  7:47  Ravager x3  
  89  7:48  Ravager x4  
  96  7:58  Drone  
  97  8:08  Drone x3, Extractor  
  97  8:09  Roach  
  97  8:10  Roach x10  
  121  8:17  Hatchery  
  119  8:22  Zerg Missile Weapons Level 2  
  97  9:00  Roach  
  97  9:01  Roach x14  
  114  9:09  Extractor  
  113  9:32  Overlord  
  113  9:33  Overlord  
  113  9:34  Roach x7  
  113  9:36  Overlord  
  113  9:37  Overlord  
  113  9:38  Overlord  
  127  9:40  Zerg Ground Armor Level 2  
  127  9:43  Infestation Pit  
  126  9:51  Evolution Chamber  
  125  9:56  Ravager  
  125  9:57  Ravager  
  125  9:58  Ravager  
  128  10:00  Ravager  
  128  10:03  Zergling x22  
  128  10:04  Zergling x8  
  144  10:15  Overlord x2  
  144  10:16  Overlord  
  144  10:17  Drone x5  
  149  10:24  Zerg Melee Weapons Level 1  
  149  10:26  Zergling x2  
  135  10:54  Roach  
  135  11:01  Hive  
  135  11:10  Ravager  
  122  11:15  Roach  
  122  11:16  Roach x17  
  128  11:36  Overlord  
  128  11:38  Roach x8  
  144  11:43  Ravager x7  
  144  11:46  Zergling x2, Overlord x2  
  152  12:15  Overseer  
  151  12:16  Overseer  
  151  12:18  Overseer  
  151  12:20  Overseer  
  145  12:34  Roach x11  
  145  12:35  Roach x2  
  89  12:57  Hatchery  
  78  13:00  Overseer  
  78  13:01  Roach  
  78  13:02  Roach x5  
  78  13:03  Ravager x9  
  90  13:25  Roach x6  
  102  13:43  Hatchery  
Tags
 
Add a new tag
Caveats
  • Supply blocks, unpowered buildings, or Contaminate may cause inaccurate times.
  • Supply counts are checked every 10 seconds.